 Dungeon Crawl Stone Soup version 0.31-a0-799-g6bc09d010c (webtiles) character file.

Game seed: 6350361155636581713

4569 Bravepunisher the Nimble (level 10, -11/58 HPs)
             Began as a Spriggan Monk on Sept 19, 2023.
             Was an Elder of Makhleb.
             Mangled by a manticore (20 damage)
             ... on level 7 of the Dungeon.
             The game lasted 00:31:44 (8502 turns).

Bravepunisher the Nimble (Spriggan Monk)            Turns: 8502, Time: 00:31:44

Health: -11/58     AC:  2    Str:  6 (7)  XL:     10   Next: 18%
Magic:  16/16      EV: 30    Int: 10 (12) God:    Makhleb [****..]
Gold:   489        SH: 10    Dex: 21 (22) Spells: 9/9 levels left

rFire   . . .        a - +4 hand axe (freeze)
rCold   . . .        A - +0 buckler
rNeg    . . .        b - +0 robe
rPois   .            (helmet restricted)
rElec   .            (no cloak)
rCorr   .            (gloves unavailable)
SInv    +            (boots unavailable)
Will    ++...        m - amulet of reflection
Stlth   ++           u - +5 ring of evasion
HPRegen 0.29/turn    k - ring of willpower
MPRegen 0.15/turn

%: reflection
@: mighty, very quick
A: very small, no large weapons, unfitting armour, see invisible, speed 3
a: Renounce Religion, Minor Destruction, Lesser Servant of Makhleb, Major
Destruction


You were on level 7 of the Dungeon.
You worshipped Makhleb.
Makhleb was greatly pleased with you.
You visited 2 branches of the dungeon, and saw 8 of its levels.

You collected 489 gold pieces.

Inventory:

Hand Weapons
 a - a +4 hand axe of freezing (weapon)
Missiles
 y - a throwing net
Armour
 b - a +0 robe (worn)
 d - an orb of light
 A - a +0 buckler (worn)
Jewellery
 c - an amulet of guardian spirit
 k - a ring of willpower (right hand)
 m - an amulet of reflection (around neck)
 u - a +5 ring of evasion (left hand)
Scrolls
 e - 3 scrolls of blinking {unknown}
 g - 2 scrolls of noise {unknown}
 l - 3 scrolls of fog {unknown}
 o - a scroll of enchant weapon {unknown}
 p - 8 scrolls of teleportation {unknown}
 r - 2 scrolls of identify {unknown}
 s - a scroll of vulnerability {unknown}
 t - a scroll of fear {unknown}
 v - a scroll of poison {unknown}
 B - a scroll of revelation {unknown}
Potions
 f - a potion of magic {unknown}
 i - a potion of resistance {unknown}
 j - a potion of brilliance {unknown}
 n - a potion of berserk rage {unknown}
 q - a potion of haste {unknown}
 w - a potion of degeneration
 x - a potion of enlightenment {unknown}
 z - a potion of lignification {unknown}


   Skills:
 * Level 9.1 Fighting
 - Level 3.2 Short Blades
 + Level 10.4 Dodging
 + Level 2.6 Shields
 + Level 6.8 Invocations


You had 9 spell levels left.
You didn't know any spells.
Your spell library contained the following spells:

 Spells                   Type           Power      Damage    Failure   Level
 Freeze                   Ice            0%         1d3       54%         1
 Kiss of Death            Conj/Necr      0%         2d5       54%         1
 Sublimation of Blood     Necr           0%         N/A       67%         2
 Confusing Touch          Hex            0%         N/A       88%         3
 Frozen Ramparts          Ice            0%         1d1       88%         3
 Hailstorm                Conj/Ice       0%         3d3       88%         3
 Dispel Undead            Necr           0%         3d6       99%         4
 Petrify                  Tmut/Erth      0%         N/A       99%         4
 Irradiate                Conj/Tmut      0%         3d11      100%        5
 Summon Forest            Summ/Tloc      0%         N/A       100%        5
 Summon Mana Viper        Hex/Summ       0%         N/A       100%        5
 Summon Cactus Giant      Summ           0%         N/A       100%        6


Dungeon Overview and Level Annotations

Branches:
Dungeon (7/15)             Temple (1/1) D:7

Altars:
Cheibriados
Dithmenos
Elyvilon
Fedhas
Gozag
Hepliaklqana
Makhleb
Okawaru
Qazlal
Ru
Sif Muna
Uskayaw
Vehumet
Wu Jian
Yredelemnul
Zin
The Shining One

Shops:
D:3 *   D:4 ?   D:7 (

Annotations:
D:7 Loveship's ghost, novice HOFi


Innate Abilities, Weirdness & Mutations

You are very small and have problems with some larger weapons.
You are too small for most types of armour.
You have supernaturally acute eyesight. (SInv)
You cover ground extremely quickly. (Speed+++)


Message History

Aim: Loveship's ghost (severely damaged) Loveship's ghost is unaffected.
Aiming: Minor Destruction (1% risk of failure)
Press: ? - help, Shift-Dir - straight line, f/p - Loveship's ghost
Aim: Loveship's ghost (severely damaged) Loveship's ghost is unaffected.
Loveship's ghost shrieks, "You must not fail where I succeeded!"
The komodo dragon hisses angrily.
The manticore flicks its tail.
The volley of spikes hits you!
The barbed spikes become lodged in your body.
* * * LOW HITPOINT WARNING * * *
You feel better.
You feel better. The komodo dragon misses you.
Loveship's ghost closely misses you. The manticore barely misses you.
You block the manticore's attack. x2
You feel better.
The komodo dragon completely misses you.
Loveship's ghost whispers, "Soon you will have time, lots of time..."
Loveship's ghost closely misses you. You block the manticore's attack.
The manticore completely misses you. The manticore claws you.
You feel better. You block the komodo dragon's attack.
Loveship's ghost hits you!!
* * * LOW HITPOINT WARNING * * *
The manticore misses you. The manticore closely misses you.
You block the manticore's attack.
Unknown command.
Okay, then.
It was a potion of degeneration.
There was something very wrong with that liquid.
You feel weakened.
You feel dopey.
You feel clumsy.
You carefully extract the barbed spikes from your body.
The komodo dragon closely misses you. You block Loveship's ghost's attack.
The manticore closely misses you. The manticore misses you.
The manticore completely misses you.
It was a potion of might.
You feel very mighty all of a sudden. You block the komodo dragon's attack.
Loveship's ghost completely misses you. The manticore bites you!!
You die...

'..#.<.........#......#.......#..
#..#...........#......#.......#..
#..#...........'......#..<....'..
#..#...........#......#...#####..
#..#...........#).....#...#.....#
#..###.#####O..#......#...#..)..#
#..#####.8∩##..#......#...#.....#
....'.#..$$$#..#......#...#.....#
....#.#8$$.$'..#@H....#####.)...#
###.###∩$8_.'.OWl...............#
..#.###8$$..'..#...........######
..#...#.$$$.#..#...........'....#
..#...##∩8.##..#...........#....#
.....#######...####'##.....######
####.##..##....##....#...........
#...)..##....##)...#...........
#.........>......).#...........


You could see a two-headed ogre, a manticore, a komodo dragon and Loveship's
ghost.

Vanquished Creatures
  A kobold demonologist (D:7)
  A wyvern (D:7)
  A basilisk (D:7)
  Menkaure (D:7)
  2 wargs (D:7)
  2 ice beasts (D:6)
  A black bear (D:5)
  2 orc warriors (D:7)
  2 centaurs (D:7)
  6 ogres
  A phantom (D:6)
  4 kobold brigands (D:7)
  2 gnoll sergeants (D:7)
  2 scorpions
  5 wights (D:6)
  6 howler monkeys
  5 hounds
  2 jellies
  12 orc priests
  Terence (D:3)
  2 gnoll boudas (D:7)
  8 orc wizards (D:7)
  5 gnolls (D:7)
  10 adders
  A white imp (D:5)
  2 worms
  8 dart slugs
  38 orcs
  4 ball pythons
  5 bats
  5 endoplasms
  5 giant cockroaches
  7 goblins
  7 hobgoblins
  8 quokkas
  A frilled lizard (D:1)
  17 kobolds
  6 rats
198 creatures vanquished.

Vanquished Creatures (collateral kills)
  A warg (D:7)
  A centaur (D:7)
  3 howler monkeys (D:7)
5 creatures vanquished.

Grand Total: 203 creatures vanquished

Notes
Turn   | Place    | Note
-------+----------+-------------------------------------------
     0 | D:1      | Bravepunisher the Spriggan Monk began the quest for the
                  | Orb.
     0 | D:1      | Reached XP level 1. HP: 11/11 MP: 2/2
   235 | D:2      | Reached XP level 2. HP: 16/16 MP: 3/3
   348 | D:3      | Reached XP level 3. HP: 20/20 MP: 4/4
   553 | D:4      | Found a hide-covered altar of Uskayaw.
   727 | D:4      | Found Odywoism's Magic Scroll Boutique.
   889 | D:5      | Entered Level 5 of the Dungeon
   922 | D:5      | Found a stormy altar of Qazlal.
   923 | D:5      | Noticed a fire elemental
   925 | D:5      | Noticed an earth elemental
   925 | D:5      | Noticed a water elemental
   925 | D:5      | Noticed an air elemental
  1038 | D:6      | Found an iron altar of Okawaru.
  1056 | D:5      | Noticed an ogre
  1061 | D:5      | Noticed a black bear
  1321 | D:7      | Noticed a scorpion
  1330 | D:7      | Found a staircase to the Ecumenical Temple.
  1339 | Temple   | Entered the Ecumenical Temple
  1361 | Temple   | Became a worshipper of Makhleb the Destroyer
  1361 | Temple   | Reached * piety under Makhleb
  1361 | Temple   | Reached ** piety under Makhleb
  1398 | D:7      | Found Ywokko's Antique Weapon Emporium.
  1398 | D:7      | Noticed a centaur
  1643 | D:1      | Reached skill level 5 in Dodging
  1700 | D:1      | Reached XP level 4. HP: 21/24 MP: 5/5
  1882 | D:1      | Found a faded altar of an unknown god.
  2714 | D:3      | Reached skill level 1 in Invocations
  2714 | D:3      | Reached XP level 5. HP: 15/29 MP: 6/6
  3063 | D:3      | Reached *** piety under Makhleb
  3128 | D:3      | Noticed Terence
  3143 | D:3      | Killed Terence
  3144 | D:3      | Reached XP level 6. HP: 31/34 MP: 8/8
  3234 | D:3      | Reached skill level 6 in Dodging
  3320 | D:3      | Found Syffa's General Store.
  3958 | D:5      | Reached skill level 5 in Fighting
  4221 | D:5      | Reached XP level 7. HP: 39/39 MP: 8/10
  4788 | D:6      | Reached skill level 7 in Dodging
  5158 | D:6      | Reached XP level 8. HP: 42/44 MP: 11/11
  5613 | D:6      | Reached skill level 8 in Dodging
  5794 | D:6      | Reached **** piety under Makhleb
  5821 | D:7      | Noticed Menkaure
  5830 | D:7      | Killed Menkaure
  6192 | D:7      | Found a runed translucent gate.
  6192 | D:7      | Found a runed translucent gate.
  6192 | D:7      | Found a runed translucent gate.
  6194 | D:7      | Found an opulent altar of Gozag.
  6194 | D:7      | Noticed a two-headed ogre
  6196 | D:7      | Noticed a komodo dragon
  6196 | D:7      | Noticed Loveship's ghost (novice HOFi)
  6196 | D:7      | Noticed a manticore
  6316 | D:7      | Reached skill level 5 in Invocations
  6639 | D:7      | Reached XP level 9. HP: 49/51 MP: 12/14
  6695 | D:7      | Reached skill level 9 in Dodging
  7238 | D:7      | Reached skill level 1 in Shields
  7487 | D:7      | Noticed a kobold demonologist
  7533 | D:7      | Noticed a soul eater
  7628 | D:7      | Reached skill level 10 in Dodging
  7652 | D:7      | Reached XP level 10. HP: 29/57 MP: 15/15
  7967 | D:7      | Reached ***** piety under Makhleb
  8502 | D:7      | Mangled by a manticore

Illustrated notes

Levels and vault maps discovered:
D:1:      lightli_arrival_statuegarden, layout_basic,
          ebering_ecumenical_altar_abandoned, serial_glass, glass_columns_a,
          glass_columns_a
D:2:      layout_basic
D:3:      layout_rooms, serial_shops, nicolae_shop_pleasant_corner_grove,
          minmay_vboxes, uniq_terence
D:4:      layout_cave_pools, eat_drink_and_be_merry_uskayaw, serial_shops,
          nicolae_stop_n_shop_2, chequers_hall_statues_wall_a
D:5:      layout_basic, nicolae_qazlal_style_of_elements, serial_corexii_hall,
          corexii_hall_statues_x, corexii_hall_statues_i, gup_sewer_entry_pipe,
          item_on_display_a
D:6:      layout_loops_ring, okawaru_gym_becter
D:7:      lemuel_castle_with_subvaults [lemuel_castle_interior_carwin_1],
          layout_gridville, minmay_temple_entry_statues_pillars, serial_shops,
          nicolae_shop_tiny_glass, ebering_ghost_gozag, uniq_menkaure
Temple:   nicolae_temple_superstar

Skill      XL: |  1  2  3  4  5  6  7  8  9 10 |
---------------+-------------------------------+-----
Fighting       | 3 4 5 6 7 8 9 |  9.1
Dodging        | 5 6 7 8 10 | 10.4
Invocations    | 1 2 3 5 6 |  6.8
Shields        | 2 |  2.6
Short Blades   | |  3.2

Action                     |  1- 3 |  4- 6 |  7- 9 | 10-12 || total
---------------------------+-------+-------+-------+-------++-------
  Melee: Short sword       |   120 |    28 |     3 |       ||   151
         Punch             |     1 |     1 |       |       ||     2
         Hand axe          |       |       |    78 |    59 ||   137
 Invoke: Minor Destruction |    16 |   155 |   303 |    55 ||   529
         Lesser Servant of |       |       |     3 |     2 ||     5
    Use: Potion            |       |       |     4 |     6 ||    10
   Stab: Distracted        |       |       |     1 |       ||     1
 Armour: Robe              |    26 |     8 |    34 |    24 ||    92
  Dodge: Dodged            |   115 |    45 |   130 |    86 ||   376
  Block: Other             |       |       |    13 |       ||    13
         Reflection        |       |       |     2 |       ||     2
         Buckler           |       |       |    38 |    35 ||    73

Table legend: (Time is in decaauts)
 A = Elapsed time spent in this place.
 B = Non-inter-level travel time spent in this place.
 C = Inter-level travel time spent in this place.
 D = Time resting spent in this place.
 E = Time spent auto-exploring this place.
 F = Levels seen in this place.
 G = Mean time per level.
                   A        B        C        D        E       F      G
               +--------+--------+--------+--------+--------+-----+--------+
         Total |   6397 |   6269 |    128 |    309 |   3968 |   8 |  799.6 |
       Dungeon |   6375 |   6266 |    109 |    309 |   3968 |   7 |  910.7 |
        Temple |     21 |      3 |     18 |      0 |      0 |   1 |   21.0 |
               +--------+--------+--------+--------+--------+-----+--------+

Top non-repeatable levels by time:
     D:7: 2110 daAuts
     D:6: 1129 daAuts
     D:5: 1033 daAuts
     D:3: 739 daAuts
     D:1: 492 daAuts
     D:2: 490 daAuts
     D:4: 379 daAuts
  Temple: 21 daAuts
